 Dungeon Crawl Stone Soup version 0.31.0-1-g2c135a0 (webtiles) character file.

Game seed: 9183975923760679728

4675 brinewave the Cleaver (level 10, -1/92 HPs)
             Began as a Minotaur Berserker on Feb 4, 2024.
             Was an Elder of Trog.
             Killed from afar by an electric eel (10 damage)
             ... with a bolt of electricity
             ... on level 8 of the Dungeon.
             The game lasted 00:19:42 (7671 turns).

brinewave the Cleaver (Minotaur Berserker)          Turns: 7671, Time: 00:19:43

Health: -1/92      AC: 13    Str: 26    XL:     10   Next: 21%
Magic:  9/9        EV:  9    Int:  4    God:    Trog [****..]
Gold:   428        SH:  0    Dex: 10    Spells: 9/9 levels left

rFire   . . .        a - +0 hand axe
rCold   . . .        (no shield)
rNeg    + . .        B - +0 chain mail
rPois   +            (helmet restricted)
rElec   .            (no cloak)
rCorr   .            (no gloves)
SInv    .            k - +1 pair of boots of the World {Will++}
Will    ++...        (no amulet) Stlth
                     v - ring of positive energy
HPRegen 0.35/turn    c - ring of poison resistance
MPRegen 0.11/turn

%: no passive effects
@: no status effects
A: horns 2, retaliatory headbutt
a: Renounce Religion, Berserk, Trog's Hand, Brothers in Arms


You were on level 8 of the Dungeon.
You worshipped Trog.
Trog was greatly pleased with you.
You visited 2 branches of the dungeon, and saw 9 of its levels.
You also visited: Sewer.

You collected 428 gold pieces.

Inventory:

Hand Weapons
 a - a +0 hand axe (weapon)
 F - a +3 trident of venom
Missiles
 b - 5 javelins
 d - 77 stones
 g - 7 boomerangs (quivered)
 x - 22 poisoned darts
 D - 6 atropa-tipped darts
Armour
 k - the +1 pair of boots of the World (worn) {Will++}
   (You found it on level 2 of the Dungeon)

   Will++:    It greatly increases your willpower.
 B - a +0 chain mail (worn)
Jewellery
 c - a ring of poison resistance (right hand)
 v - a ring of positive energy (left hand)
Wands
 o - a wand of light (20)
 p - a wand of mindburst (15)
 r - a wand of flame (31)
 E - a wand of charming (8)
Scrolls
 f - a scroll of noise {unknown}
 j - a scroll of poison {unknown}
 s - a scroll of teleportation
 u - a scroll of blinking {unknown}
 w - a scroll of revelation {unknown}
 y - a scroll of summoning {unknown}
 C - a scroll of fog
Potions
 e - a potion of haste
 h - 3 potions of berserk rage
 i - a potion of resistance
 l - 2 potions of heal wounds
 m - a potion of ambrosia
 n - a potion of lignification
 t - 2 potions of attraction
 z - a potion of might


   Skills:
 + Level 9.7 Fighting
 * Level 13.1 Axes
 + Level 9.3 Armour
 - Level 2.1 Dodging


You had 9 spell levels left.
You didn't know any spells.
Your spell library was empty.

Dungeon Overview and Level Annotations

Branches:
Dungeon (8/15)             Temple (1/1) D:7           Sewer (visited)
   Lair: D:8-11

Altars:
Ashenzari
Cheibriados
Dithmenos
Elyvilon
Fedhas
Gozag
Hepliaklqana
Kikubaaqudgha
Makhleb
Nemelex Xobeh
Okawaru
Qazlal
Ru
Sif Muna
Trog
Vehumet
Wu Jian
Xom
Yredelemnul
Zin
The Shining One

Shops:
D:6 :   D:7 [

Annotations:
D:3 1 runed translucent door, Crazy Yiuf
D:4 2 transporters, Biscolet's ghost, amateur HuWr
D:8 1 runed translucent door, Agrajag's ghost, novice MiBe


Innate Abilities, Weirdness & Mutations

You have a pair of horns on your head.
You reflexively headbutt those who attack you in melee.


Message History

The electric eel shoots out a bolt of lightning at you!
The bolt of electricity hits you!
An electric eel comes into view. x2
You hit the electric eel.
The electric eel is lightly wounded.
You slash the plant!
The plant begins to die.
The electric eel shoots out a bolt of lightning at you!
The bolt of electricity hits the electric eel.
The electric eel completely resists.
The bolt of electricity hits you.
You hit the electric eel.
The electric eel is heavily wounded.
You slash the jelly!
Your hands burn!
You hit the plant but do no damage.
The electric eel shoots out a bolt of lightning at you!
The bolt of electricity hits you! The jelly hits you but does no damage.
The electric eel shoots out a bolt of lightning at you!
The bolt of electricity hits the electric eel.
The electric eel completely resists.
The bolt of electricity hits you.
You closely miss the electric eel.
The electric eel is heavily wounded.
You hit the plant. You slash the jelly!
Your hands burn!
You hit the electric eel. Your headbutt misses the electric eel.
The electric eel is severely wounded.
You hit the plant. You hit the jelly.
You kill the jelly!
Trog accepts your kill.
The electric eel shoots out a bolt of lightning at you!
The bolt of electricity hits you!
The electric eel shoots out a bolt of lightning at you!
The bolt of electricity hits the electric eel.
The electric eel completely resists.
The bolt of electricity hits you!
* * * LOW HITPOINT WARNING * * *
The electric eel shoots out a bolt of lightning at you!
The bolt of electricity hits you.
* * * LOW HITPOINT WARNING * * *
The electric eel shoots out a bolt of lightning at you!
The bolt of electricity hits the plant!
The plant begins to die.
The bolt of electricity hits you!
* * * LOW HITPOINT WARNING * * *
The bolt of electricity hits you!
You die...

#......#............
#......#............
+......#............
#......#............ P
#......####.'##.... ~P
#......##..#.#####♣ ~~~
.......##..._.....♣♣ ~~~♣
...<.......#.#....~♣P~P~~
.......##.....##@♣♣~~~♣
#......##..... #..P~♣ ~ #
#.....###S~P~~~≈~ #...(.#
.♣~~~~≈≈≈ +.....+.♣
~~≈S≈≈≈ #######. ~~≈≈≈≈≈
. P≈≈≈≈≈≈ .. ~S≈≈≈≈≈ ..
♣≈≈≈≈≈≈


You could see 3 electric eels.

Vanquished Creatures
  A two-headed ogre (D:8)
  Sigmund (D:6)
  4 yaks (D:8)
  A vampire (D:6)
  Duvessa (D:4)
  Pargi (Sewer)
  3 ice beasts (D:5)
  A black bear (D:5)
  4 ogres
  A centaur (D:5)
  3 kobold brigands
  2 gnoll sergeants
  7 bullfrogs
  A brain worm (Sewer)
  3 scorpions
  4 wights (D:7)
  Dowan (D:4)
  3 jellies
  3 bombardier beetles
  3 orc priests
  2 hounds
  A sleepcap (D:6)
  A gnoll bouda (D:5)
  Ijyb (D:3)
  3 iguanas
  2 orc wizards (D:7)
  Robin (D:4)
  15 gnolls
  9 adders
  2 white imps (D:7)
  2 ufetubi (D:7)
  2 dart slugs
  A ribbon worm (D:2)
  5 orcs
  2 endoplasms
  8 giant cockroaches
  9 hobgoblins
  20 kobolds
  4 quokkas
  10 ball pythons
  3 bats
  2 frilled lizards
  17 goblins
  7 rats
177 creatures vanquished.

Notes
Turn   | Place    | Note
-------+----------+-------------------------------------------
     0 | D:1      | brinewave the Minotaur Berserker began the quest for the
                  | Orb.
     0 | D:1      | Reached XP level 1. HP: 19/19 MP: 0/0
    77 | D:1      | Reached skill level 4 in Axes
   131 | D:1      | Reached XP level 2. HP: 27/27 MP: 1/1
   942 | D:2      | Reached ** piety under Trog
   943 | D:2      | Reached XP level 3. HP: 23/33 MP: 2/2
   992 | D:2      | Identified the +1 pair of boots of the World {Will++}
  1203 | D:2      | Found a faded altar of an unknown god.
  1946 | D:3      | Noticed Ijyb
  1959 | D:3      | Killed Ijyb
  1960 | D:3      | Reached skill level 5 in Axes
  1960 | D:3      | Reached XP level 4. HP: 31/41 MP: 3/3
  2040 | D:3      | Found a white marble altar of Elyvilon.
  2244 | D:3      | Found a blossoming altar of Fedhas.
  2293 | D:3      | Found a runed translucent door.
  2294 | D:3      | Noticed Crazy Yiuf
  2826 | D:4      | Noticed Robin
  2839 | D:4      | Killed Robin
  2926 | D:4      | Identified the +1 spear of Royalism {venom, rPois rC+++
                  | Dex-4 Stlth+}
  2933 | D:4      | Found a transporter.
  2938 | D:4      | Found a transporter.
  2992 | D:4      | Reached XP level 5. HP: 47/47 MP: 4/4
  2994 | D:4      | Noticed Duvessa
  2994 | D:4      | Noticed Dowan
  3012 | D:4      | Killed Duvessa
  3013 | D:4      | Reached skill level 5 in Fighting
  3013 | D:4      | Reached skill level 6 in Axes
  3016 | D:4      | Killed Dowan
  3017 | D:4      | Reached XP level 6. HP: 56/56 MP: 5/5
  3132 | D:4      | Noticed Biscolet's ghost (amateur HuWr)
  3179 | D:4      | Found a hazy altar of Hepliaklqana.
  3307 | D:4      | Reached skill level 7 in Axes
  3436 | D:5      | Entered Level 5 of the Dungeon
  3448 | D:5      | Reached *** piety under Trog
  3449 | D:5      | Reached skill level 5 in Armour
  3449 | D:5      | Reached XP level 7. HP: 44/62 MP: 6/6
  3526 | D:5      | Reached skill level 8 in Axes
  3591 | D:5      | Found a glowing drain.
  3598 | Sewer    | Entered a sewer
  3782 | Sewer    | Noticed Pargi
  3791 | Sewer    | Killed Pargi
  3792 | Sewer    | Reached XP level 8. HP: 61/71 MP: 7/7
  3960 | D:5      | Reached skill level 9 in Axes
  4714 | D:5      | Reached skill level 10 in Axes
  5280 | D:6      | Found Fearchitui's Book Shop.
  5324 | D:6      | Reached XP level 9. HP: 32/81 MP: 8/8
  5450 | D:6      | Noticed Sigmund
  5470 | D:6      | Killed Sigmund
  5471 | D:6      | Reached skill level 11 in Axes
  5821 | D:6      | Reached **** piety under Trog
  6601 | D:7      | Found a staircase to the Ecumenical Temple.
  6629 | Temple   | Entered the Ecumenical Temple
  6785 | D:7      | Reached skill level 12 in Axes
  7031 | D:7      | Found Moarr's Armour Emporium.
  7378 | D:8      | Noticed a two-headed ogre
  7390 | D:8      | Killed a two-headed ogre
  7391 | D:8      | Reached XP level 10. HP: 91/91 MP: 9/9
  7421 | D:8      | Noticed Agrajag's ghost (novice MiBe)
  7430 | D:8      | Found a runed translucent door.
  7482 | D:8      | Reached skill level 13 in Axes
  7652 | D:8      | Found an ancient bone altar of Kikubaaqudgha.
  7671 | D:8      | Killed from afar by an electric eel

Illustrated notes

Levels and vault maps discovered:
D:1:      lemuel_arrival_cross, layout_basic
D:2:      layout_basic, ebering_ecumenical_altar_webs, minmay_domino_2
D:3:      layout_loops_ring, elyvilon_altar_4, fedhas_altar_1,
          uniq_crazy_yiuf_cottage, uniq_ijyb
D:4:      layout_basic, mainiacjoe_overflow_concentric_impassable,
          gammafunk_ghost_gnarly_gnolls, uniq_robin, uniq_duvessa
D:5:      layout_loops_ring, portal_sewer_entry_e, minmay_misc_feat_cross,
          minmay_misc_feat_rows
D:6:      layout_basic, serial_glass, glass_columns_a, glass_columns_a,
          feat_on_display, item_on_display_a, feat_on_display, serial_shops,
          nicolae_shop_tiny_statue_garden, kennysheep_cross_bottleneck,
          grunt_ministairs_7, serial_bayou_pond_b, uniq_sigmund
D:7:      layout_basic, minmay_temple_entry_mist, serial_shops,
          nicolae_shop_crystal
D:8:      layout_gridville, lemuel_crystal_altar, lair_entry_dummy,
          hellmonk_ghost_big_iron, serial_bayou_lake_a, uniq_gastronok
Temple:   nicolae_temple_bog_church

Skill      XL: |  1  2  3  4  5  6  7  8  9 10 |
---------------+-------------------------------+-----
Axes           | 4 5 6 7 8 10 12 13 | 13.1
Fighting       | 4 5 6 7 9 |  9.7
Armour         | 3 4 5 6 7 9 |  9.3
Dodging        | |  2.1

Action                     |  1- 3 |  4- 6 |  7- 9 | 10-12 || total
---------------------------+-------+-------+-------+-------++-------
  Melee: Hand axe          |    88 |    82 |   351 |    26 ||   547
         Headbutt          |    10 |    15 |    90 |     3 ||   118
         Punch             |       |       |     4 |     1 ||     5
  Throw: Boomerang         |       |     8 |       |       ||     8
         Dart              |       |       |     5 |       ||     5
 Invoke: Berserk           |     1 |     1 |     1 |       ||     3
         Trog's Hand       |       |       |     1 |       ||     1
  Evoke: Wand              |       |       |     1 |       ||     1
    Use: Scroll            |     1 |     3 |     8 |       ||    12
         Potion            |       |       |     1 |       ||     1
 Armour: Animal skin       |    56 |     2 |       |       ||    58
         Ring mail         |       |    38 |   109 |       ||   147
         Leather armour    |       |     1 |       |       ||     1
         Chain mail        |       |       |   112 |    31 ||   143
  Dodge: Dodged            |    51 |    35 |   156 |     5 ||   247
